 Dungeon Crawl Stone Soup version 0.30-a0-711-gf4ac18a38d (webtiles) character file.

Game seed: 10050045111498335128

111 Leeroy the Slasher (level 4, -4/26 HPs)
             Began as a Tengu Warper on Jan 22, 2023.
             Slain by a gnoll
             ... wielding a +0 whip
              (5 damage)
             ... on level 3 of the Dungeon.
             The game lasted 00:03:59 (2291 turns).

Leeroy the Slasher (Tengu Warper)                   Turns: 2291, Time: 00:03:59

Health: -4/26      AC:  5    Str: 11    XL:     4   Next: 92%
Magic:  8/8        EV: 12    Int: 13    God:
Gold:   15         SH:  0    Dex: 16    Spells: 2/7 levels left

rFire   + . .      SeeInvis .    n - +0 long sword
rCold   + . .      Faith    .    (no shield)
rNeg    . . .      Spirit   .    b - +0 leather armour
rPois   .          Reflect  .    h - +2 hat
rElec   .          Harm     .    e - scarf {rC+ rF+}
rCorr   .          Rampage  .    (no gloves)
Will    .....                    (boots unavailable)
Stlth   +                        (no amulet)
HPRegen 0.24/turn                (no ring)
MPRegen 0.11/turn                (no ring)

@: no status effects
A: beak, talons 3
a: no special abilities


You were on level 3 of the Dungeon.
You visited 1 branch of the dungeon, and saw 3 of its levels.

You collected 95 gold pieces.
You spent 80 gold pieces at shops.

Inventory:

Hand Weapons
 a - a +0 falchion
 n - a +0 long sword (weapon)
Missiles
 d - 7 boomerangs of dispersal (quivered)
Armour
 b - a +0 leather armour (worn)
 e - a scarf of resistance (worn)
 h - a +2 hat (worn)
Wands
 m - a wand of roots (7)
Scrolls
 c - a scroll of blinking
 f - 2 scrolls of fear {unknown}
 i - 4 scrolls of identify {unknown}
 k - 2 scrolls of poison {unknown}
 o - a scroll of vulnerability {unknown}
 p - a scroll of teleportation {unknown}
Potions
 g - a potion of lignification {unknown}
 j - 2 potions of berserk rage {unknown}
 l - a potion of brilliance {unknown}
 q - a potion of invisibility {unknown}


   Skills:
 - Level 2.0 Fighting
 + Level 5.4 Long Blades
 - Level 1.0 Throwing
 - Level 1.1 Armour
 - Level 2.1 Dodging
 - Level 2.0 Spellcasting
 - Level 2.4 Translocations


You had 2 spell levels left.
You knew the following spells:

 Your Spells              Type           Power      Damage    Failure   Level
a - Blink                 Tloc           14%        N/A       19%         2
b - Vhi's Electric Charg  Tloc/Air       8%         N/A       52%         3

Your spell library contained the following spells:

 Spells                   Type           Power      Damage    Failure   Level
 Lesser Beckoning         Tloc           14%        N/A       19%         2
 Freeze                   Ice            4%         1d3       32%         1
 Cigotuvi's Dreadful Rot  Necr/Pois/Air  2%         N/A       45%         2
 Poisonous Vapours        Pois/Air       2%         N/A       45%         2
 Teleport Other           Tloc           7%         N/A       36%         3
 Frozen Ramparts          Ice            2%         1d1       69%         3
 Hailstorm                Conj/Ice       1%         3d3       69%         3
 Mephitic Cloud           Conj/Pois/Air  1%         N/A       69%         3
 Manifold Assault         Tloc           7%         N/A       77%         4


Dungeon Overview and Level Annotations

Branches:
Dungeon (3/15)

Altars:
Ru

Shops:
D:1 =   D:2 (


Innate Abilities, Weirdness & Mutations

You have a beak for a mouth.
You have claws for feet.


Message History

The gnoll is lightly wounded.
You hit the gnoll but do no damage.
The gnoll is lightly wounded.
The gnoll hits you with a +0 whip.
You hit the gnoll but do no damage. You claw the gnoll, but do no damage.
You peck the gnoll.
The gnoll is lightly wounded.
The gnoll hits you with a +0 club. The gnoll hits you with a +0 whip.
An ogre comes into view. It is wielding a +0 giant club.
The ogre shouts!
There is a stone staircase leading up here.
The gnoll hits you with a +0 club.
You climb upwards.
There is a stone staircase leading down here.
You closely miss the gnoll. Your kick misses the gnoll.
You peck the gnoll, but do no damage. The gnoll hits you but does no damage.
The gnoll closely misses you.
You closely miss the gnoll. You claw the gnoll.
The gnoll is lightly wounded.
The gnoll hits you with a +0 club.
You hit the gnoll. You claw the gnoll. You peck the gnoll, but do no damage.
The gnoll is moderately wounded.
The gnoll closely misses you.
You hit the gnoll. You peck the gnoll.
You kill the gnoll!
No target in view!
No target in view!
No target in view!
You start resting.
HP restored.
You climb downwards.
The ogre hits you with a +0 giant club!
Ouch! That really hurt!
The gnoll hits you from afar with a +0 spear.
* * * LOW HITPOINT WARNING * * *
The gnoll hits you with a +0 whip.
* * * LOW HITPOINT WARNING * * *
The gnoll hits you from afar with a +0 spear.
* * * LOW HITPOINT WARNING * * *
The gnoll hits you with a +0 whip.
You die...

........................
........................
..###.....#######.......
# #.....#######......#
....#...##......)....#
##.##...##...........# .
#. #...##..####.....#
... #O..##.g#........#
.....#@g.##..#._......#
#.......g....#........#
#..#+##................
# ..........#.........
..........##.........
...........##.........
...........##.........
...........#####+####.
..#........+


You could see an ogre and 2 gnolls.

Vanquished Creatures
  Jessica (D:3)
  A gnoll (D:2)
  2 adders (D:2)
  A worm (D:2)
  A dart slug (D:3)
  6 ball pythons (D:1)
  4 endoplasms
  4 giant cockroaches (D:1)
  5 goblins
  3 hobgoblins
  4 jackals (D:1)
  6 bats
  3 frilled lizards
  6 kobolds
  5 rats
52 creatures vanquished.

Vanquished Creatures (others)
  10 plants (D:2)
10 creatures vanquished.

Grand Total: 62 creatures vanquished

Notes
Turn   | Place    | Note
-------+----------+-------------------------------------------
     0 | D:1      | Leeroy the Tengu Warper began the quest for the Orb.
     0 | D:1      | Reached XP level 1. HP: 12/12 MP: 4/4
    82 | D:1      | Reached XP level 2. HP: 14/17 MP: 6/6
    86 | D:1      | Reached skill level 3 in Long Blades
   492 | D:1      | Found Ocaisk's Jewellery Boutique.
   539 | D:1      | Reached XP level 3. HP: 17/21 MP: 7/7
   792 | D:1      | Reached skill level 4 in Long Blades
  1474 | D:2      | Learned a level 2 spell: Blink
  1478 | D:2      | Learned a level 3 spell: Vhi's Electric Charge
  1487 | D:2      | Found Xefipod's Antique Weapon Shop.
  1502 | D:2      | Bought a long sword for 80 gold pieces
  1641 | D:2      | Reached XP level 4. HP: 26/26 MP: 8/8
  2178 | D:3      | Noticed Jessica
  2186 | D:3      | Killed Jessica
  2187 | D:3      | Reached skill level 5 in Long Blades
  2239 | D:3      | Found a sacrificial altar of Ru.
  2256 | D:3      | Noticed an ogre
  2291 | D:3      | HP: 1/26 [gnoll/+0 spear (2)]
  2291 | D:3      | Slain by a gnoll

Illustrated notes

Levels and vault maps discovered:
D:1:      giann_wishing_wells, layout_loops_corners, serial_shops, shop,
          minmay_misc_feat_hallway
D:2:      layout_loops_corners, serial_forest, infiniplex_forest_clump_small,
          infiniplex_forest_lined_3_way, infiniplex_forest_zigzag_1,
          infiniplex_forest_lined_3, infiniplex_forest_clump_diagonal,
          infiniplex_forest_clump_medium, infiniplex_forest_diagonal,
          infiniplex_forest_side_room, infiniplex_forest_corner_2,
          infiniplex_forest_lined_3, serial_shops, shop
D:3:      minmay_wonky_spiral, layout_basic, nicolae_vehumet_radiance,
          mainiacjoe_overflow_chevrons, uniq_ijyb, uniq_jessica, uniq_natasha

Skill      XL: |  1  2  3  4 |
---------------+-------------+-----
Long Blades    | 3 4 5 |  5.4
Fighting       | |  2.0
Throwing       | |  1.0
Armour         | |  1.1
Dodging        | |  2.1
Spellcasting   | |  2.0
Translocations | |  2.4

Action                     |  1- 3 |  4- 6 || total
---------------------------+-------+-------++-------
  Melee: Falchion          |    88 |       ||    88
         Kick              |    17 |     7 ||    24
         Peck              |    10 |     7 ||    17
         Punch             |     1 |       ||     1
         Long sword        |     6 |    29 ||    35
   Stab: Sleeping          |     1 |       ||     1
 Armour: Leather armour    |    38 |     4 ||    42
  Dodge: Dodged            |    79 |    12 ||    91

Table legend: (Time is in decaauts)
 A = Elapsed time spent in this place.
 B = Non-inter-level travel time spent in this place.
 C = Inter-level travel time spent in this place.
 D = Time resting spent in this place.
 E = Time spent auto-exploring this place.
 F = Levels seen in this place.
 G = Mean time per level.
                   A        B        C        D        E       F      G
               +--------+--------+--------+--------+--------+-----+--------+
         Total |   2306 |   2250 |     56 |     44 |   1841 |   3 |  768.7 |
       Dungeon |   2306 |   2250 |     56 |     44 |   1841 |   3 |  768.7 |
               +--------+--------+--------+--------+--------+-----+--------+

Top non-repeatable levels by time:
     D:2: 1160 daAuts
     D:1: 1061 daAuts
     D:3: 84 daAuts
